 Dungeon Crawl Stone Soup version 0.25-a0-346-g140ab784a8 (webtiles) character file.

Game seed: 7893821252511950674, levelgen mode: classic

7513 Borgoz the Carver (level 11, -6/69 HPs)
             Began as a Gargoyle Berserker on Jan 1, 2020.
             Was a High Priest of Trog.
             Mangled by Snorg (16 damage)
             ... on level 10 of the Dungeon.
             The game lasted 00:17:38 (8550 turns).

Borgoz the Carver (Gargoyle Berserker)              Turns: 8550, Time: 00:17:39

Health: -6/69      AC: 17    Str: 26    XL:     11   Next: 16%
Magic:  0/11       EV: 12    Int:  8    God:    Trog [*****.]
Gold:   383        SH: 10    Dex: 10    Spells: 10/10 levels left

rFire    + . .     SeeInvis .   G - +2 scimitar
rCold    + + +     Gourm    .   n - +0 shield
rNeg     + + .     Faith    .   B - +1 ring mail of Brilliance {rPois rC++ Regen+ Str-2}
rPois    ∞         Spirit   +   (no helmet)
rElec    +         Reflect  .   g - scarf {rC+ rF+}
rCorr    .         Harm     .   b - +0 pair of gloves
MR       .....                  (no boots)
Stlth    ..........             j - amulet of guardian spirit
HPRegen  0.61/turn              d - ring of positive energy
MPRegen  0.12/turn              (no ring)

@: mighty, very slightly contaminated, invisible
A: negative energy resistance 1, electricity resistance, unbreathing,
petrification resistance, rot immunity, AC +8
a: Berserk, Trog's Hand, Brothers in Arms, Renounce Religion


You were on level 10 of the Dungeon.
You worshipped Trog.
Trog was extremely pleased with you.
You were not hungry.

You visited 1 branch of the dungeon, and saw 10 of its levels.
You also visited: Sewer.

You collected 383 gold pieces.

Inventory:

Hand Weapons
 G - a +2 scimitar (weapon)
 J - a +1 scimitar
Armour
 b - a +0 pair of gloves (worn)
 g - a scarf of resistance (worn)
 n - a +0 shield (worn)
 v - a +0 troll leather armour
 B - the +1 ring mail of Brilliance (worn) {rPois rC++ Regen+ Str-2}
   (You found it on level 6 of the Dungeon)

   It affects your strength (-2).
   It greatly protects you from cold.
   It protects you from poison.
   It increases your rate of regeneration.
 H - the +0 robe of Gallantry {SInv, unknown}
   (You found it on level 9 of the Dungeon)

   It lets you see invisible.
Jewellery
 d - a ring of positive energy (left hand)
 j - an amulet of guardian spirit (around neck)
 m - an uncursed ring of positive energy
 A - an uncursed ring of flight
Wands
 p - a wand of polymorph (7)
 t - a wand of flame (14)
 w - a wand of random effects (34)
Scrolls
 i - 3 scrolls of enchant weapon
 r - 9 scrolls of remove curse
 y - 3 scrolls of summoning
 C - a scroll of enchant armour
 E - 2 scrolls of fog
 F - a scroll of holy word {unknown}
Potions
 a - 2 potions of heal wounds
 e - a potion of might
 f - a potion of magic
 h - 2 potions of lignification
 k - 4 potions of agility
 l - 9 potions of curing
 o - a potion of resistance
 q - a potion of haste
 s - a potion of brilliance
 u - a potion of invisibility
 x - a potion of cancellation
 z - 3 potions of mutation
 D - a potion of ambrosia {unknown}
Comestibles
 c - 22 rations
 I - 22 chunks of flesh


   Skills:
 + Level 8.5 Fighting
 * Level 9.8 Long Blades
 + Level 8.0 Armour
 + Level 6.1 Dodging
 + Level 5.9 Shields


You had 10 spell levels left.
You didn't know any spells.
Your spell library was empty.

Dungeon Overview and Level Annotations

Branches:
Dungeon (10/15)            Temple (0/1) D:6            Lair (0/6) D:10
    Orc (0/2) D:9           Sewer (visited)

Altars:
Ashenzari
Cheibriados
Dithmenos
Fedhas
Hepliaklqana
Makhleb
Ru
Uskayaw
Vehumet
Wu Jian
Zin
Beogh

Annotations:
D:10 Snorg


Innate Abilities, Weirdness & Mutations

You are resistant to torment.
Your stone body is resilient. (AC +8)
You are immune to poison.
You resist negative energy. (rN+)
You are resistant to electric shocks. (rElec)
You can survive without breathing.
You are immune to petrification.
You are immune to rotting.


Message History

You catch the helpless Snorg completely off-guard!
You hit Snorg.
Snorg is moderately wounded.
Snorg closely misses you. x2
You block Snorg's attack. Snorg misses you. Snorg barely misses you.
You slice Snorg!!
Snorg is heavily wounded.
Snorg barely misses you. Snorg claws you but does no damage.
You block Snorg's attack.
You strike the helpless Snorg from behind!
You slash Snorg!
Snorg is heavily wounded.
Snorg bites you! Snorg closely misses you. Snorg claws you!
* * * LOW HITPOINT WARNING * * *
You closely miss Snorg.
Snorg is heavily wounded.
Snorg bites you!
* * * LOW HITPOINT WARNING * * *
Snorg barely misses you.
You block Snorg's attack. x3; Snorg claws you!
You die...

#........#.......##.##
##....♣♣.##...)###.#..
#...♣♣♣♣.##).#...##..
#....♣♣♣...♣.#..# #..
#..............# #..
#...!........#.> #..
#.........#### #..
##..T.♣...# #..
#..@.....# ###
#..........#
#..........#
#.$...#.#### #.....#..
#.....###. #.....# .#
#.....# .


You could see Snorg (berserk).

Vanquished Creatures
  A two-headed ogre (D:6)
  An ugly thing (D:9)
  A gargoyle (D:10)
  A freezing wraith (D:9)
  A troll (D:9)
  A hornet (D:8)
  A spriggan (D:7)
  A wyvern (D:5)
  2 hungry ghosts
  Eustachio (D:5)
  A water moccasin (D:9)
  2 ice beasts
  7 orc warriors
  3 phantoms
  4 ogres
  4 centaurs
  6 bullfrogs
  A big kobold (Sewer)
  A gnoll sergeant (D:5)
  A water moccasin skeleton (D:8)
  13 wights
  6 killer bees (D:7)
  5 howler monkeys
  5 crimson imps
  A centaur zombie (D:10)
  2 jellies
  3 bullfrog skeletons
  6 orc priests
  A hound (D:10)
  8 orc wizards
  An iguana (D:7)
  Ijyb (D:4)
  4 worker ants
  A killer bee zombie (D:5)
  A human simulacrum (D:10)
  A hound skeleton (D:4)
  A worker ant zombie (D:6)
  2 howler monkey skeletons
  10 adders
  6 river rats (Sewer)
  2 shadow imps
  An ooze (D:1)
  An adder zombie (D:9)
  4 worms
  3 dart slugs
  8 leopard geckos
  34 orcs
  8 bats
  7 giant cockroaches
  8 goblins
  4 hobgoblins
  8 jackals
  5 quokkas
  7 ball pythons
  10 frilled lizards
  A jackal skeleton (D:4)
  26 kobolds
  A quokka skeleton (D:6)
  31 rats
288 creatures vanquished.

Vanquished Creatures (others)
  A human simulacrum (D:10)
1 creature vanquished.

Grand Total: 289 creatures vanquished

Notes
Turn   | Place    | Note
-------+----------+-------------------------------------------
     0 | D:1      | Borgoz the Gargoyle Berserker began the quest for the Orb.
     0 | D:1      | Reached XP level 1. HP: 14/14 MP: 1/1
    42 | D:1      | Reached XP level 2. HP: 8/19 MP: 2/2
   277 | D:1      | Reached skill level 3 in Long Blades
   607 | D:1      | Reached XP level 3. HP: 21/23 MP: 1/3
   819 | D:1      | Reached ** piety under Trog
  1312 | D:2      | Reached XP level 4. HP: 29/29 MP: 4/4
  1498 | D:2      | Found a radiant altar of Vehumet.
  1961 | D:2      | Reached XP level 5. HP: 33/33 MP: 5/5
  2146 | D:3      | Found a snail-covered altar of Cheibriados.
  2207 | D:3      | Reached *** piety under Trog
  2207 | D:3      | Reached skill level 4 in Long Blades
  2405 | D:3      | Found a sacrificial altar of Ru.
  2566 | D:4      | Noticed Ijyb
  2574 | D:4      | Killed Ijyb
  2574 | D:4      | Reached XP level 6. HP: 22/39 MP: 2/6
  3077 | D:5      | Entered Level 5 of the Dungeon
  3143 | D:5      | Reached XP level 7. HP: 34/44 MP: 7/7
  3149 | D:5      | Noticed a wyvern
  3153 | D:5      | Killed a wyvern
  3153 | D:5      | Reached skill level 5 in Fighting
  3153 | D:5      | Reached skill level 5 in Long Blades
  3195 | D:5      | Reached **** piety under Trog
  3261 | D:5      | Found a glowing drain.
  3270 | Sewer    | Entered a sewer
  3599 | Sewer    | Reached XP level 8. HP: 50/50 MP: 8/8
  3962 | D:5      | Noticed Eustachio
  4031 | D:5      | Reached skill level 6 in Long Blades
  4033 | D:5      | Reached ***** piety under Trog
  4033 | D:5      | Received a gift from Trog
  4033 | D:5      | Reached skill level 5 in Armour
  4282 | D:5      | Killed Eustachio
  4795 | D:5      | Found a shadowy altar of Dithmenos.
  4801 | D:5      | Found an ornate altar of the Wu Jian Council.
  4804 | D:5      | Found a blossoming altar of Fedhas.
  4863 | D:6      | Found a staircase to the Ecumenical Temple.
  4892 | D:6      | Noticed a two-headed ogre
  4901 | D:6      | Killed a two-headed ogre
  4901 | D:6      | Reached skill level 7 in Long Blades
  4901 | D:6      | Reached XP level 9. HP: 24/56 MP: 3/9
  5313 | D:6      | Found a shattered altar of Ashenzari.
  5430 | D:6      | Found a burning altar of Makhleb.
  5454 | D:6      | Got a fine ring mail
  5465 | D:6      | Identified the +1 ring mail of Brilliance {rPois rC++
                  | Regen+ Str-2} (You found it on level 6 of the Dungeon)
  5619 | D:6      | Found a hazy altar of Hepliaklqana.
  6020 | D:7      | Reached skill level 8 in Long Blades
  6025 | D:7      | Reached skill level 5 in Dodging
  6057 | D:7      | Reached XP level 10. HP: 55/63 MP: 6/10
  6380 | D:7      | Found a glowing silver altar of Zin.
  6397 | D:7      | Found a shattered altar of Ashenzari.
  6679 | D:8      | Received a gift from Trog
  6820 | D:8      | Found a hide-covered altar of Uskayaw.
  6925 | D:8      | Reached skill level 9 in Long Blades
  7039 | D:9      | Reached skill level 5 in Shields
  7315 | D:9      | Found a staircase to the Orcish Mines.
  7350 | D:9      | Found a roughly hewn altar of Beogh.
  7503 | D:9      | Got an ichor-stained robe
  7611 | D:9      | Noticed a white ugly thing
  7624 | D:9      | Killed a white ugly thing
  7645 | D:9      | Reached XP level 11. HP: 56/69 MP: 8/11
  8335 | D:10     | Entered Level 10 of the Dungeon
  8483 | D:10     | Received a gift from Trog
  8528 | D:10     | Found a staircase to the Lair.
  8534 | D:10     | Noticed Snorg
  8550 | D:10     | Mangled by Snorg

Levels and vault maps discovered:
D:1:      wheals_arrival_shading, layout_basic, minmay_rat_gold_closets
D:2:      layout_basic, nicolae_overflow_crystal_walls, minmay_misc_feat_tiny
D:3:      layout_loops_ring, old_standard_altar, lemuel_doored_altar,
          first_ration
D:4:      layout_basic, uniq_ijyb
D:5:      layout_rooms, grunt_temple_overflow_diamond, portal_sewer_entry_f,
          serial_corexii_hall, corexii_hall_statues_i, chequers_hall_statues_y,
          corexii_hall_statues_i, minmay_liquid_box, st_stairs_3, corexii_shack,
          sword_in_stone
D:6:      layout_loops_ring, lemuel_round_altar, overflow_temple_1_default,
          minmay_temple_entry_trees, basic_altar
D:7:      layout_basic, kennysheep_mini, kennysheep_little_box, the_bakery,
          chequers_serial_rivers_small_b, hangedman_decor_riveting
D:8:      layout_basic, overflow_temple_1_default
D:9:      layout_layer_cave, minmay_orc_entry_temple_small, kb_rosetta
D:10:     layout_basic, lair_entry_dummy, hangedman_decor_lopped,
          bh_circular_ruins, uniq_psyche, uniq_joseph, uniq_snorg

Skill      XL: |  1  2  3  4  5  6  7  8  9 10 11 |
---------------+----------------------------------+-----
Long Blades    | 3 4 5 7 8 9 |  9.8
Dodging        | 2 3 4 5 6 |  6.1
Armour         | 3 4 6 7 8 |  8.0
Fighting       | 4 5 6 7 8 |  8.5
Shields        | 2 3 5 |  5.9

Action                   |  1- 3 |  4- 6 |  7- 9 | 10-12 || total
-------------------------+-------+-------+-------+-------++-------
Melee: Falchion          |   126 |   155 |       |       ||   281
       Scimitar          |       |    15 |   340 |   361 ||   716
Invok: Berserk           |     3 |     3 |     6 |     5 ||    17
       Trog's Hand       |       |       |     3 |       ||     3
Evoke: Wand              |       |       |       |     1 ||     1
  Use: Scroll            |       |    12 |     4 |     7 ||    23
       Potion            |       |       |     2 |     5 ||     7
 Stab: Invisible         |       |       |       |     3 ||     3
  Eat: Chunk             |     3 |    10 |    13 |    12 ||    38
       Ration            |       |       |     1 |     3 ||     4
Armor: Animal skin       |    14 |       |       |       ||    14
       Ring mail         |    29 |    91 |   172 |   174 ||   466
       Chain mail        |       |       |    28 |       ||    28
Dodge: Dodged            |   101 |   108 |   301 |   204 ||   714
Block: Shield            |       |       |       |   127 ||   127
       Rpst.: Falchion   |    26 |    32 |       |       ||    58
       Scimitar          |       |     5 |    82 |    68 ||   155

Table legend:
 A = Non-vault XP
 B = Vault XP
 C = Vault XP percentage of total XP
 D = Non-vault monster count
 E = Vault monster count
 F = Vault count percentage of total count
                 A         B        C        D         E       F
            +---------+---------+-------+---------+---------+-------
      Total |    8429 |    2305 |  21.5 |     206 |      82 |  28.5
            +---------+---------+-------+---------+---------+-------
        D:1 |      45 |       7 |  13.5 |      23 |       7 |  23.3
        D:2 |     124 |       0 |   0.0 |      29 |       0 |   0.0
        D:3 |     129 |       0 |   0.0 |      18 |       0 |   0.0
        D:4 |     124 |      98 |  44.1 |      11 |       2 |  15.4
        D:5 |     562 |     635 |  53.0 |      14 |      12 |  46.2
        D:6 |    1704 |       0 |   0.0 |      19 |       0 |   0.0
        D:7 |    1532 |     211 |  12.1 |      29 |       1 |   3.3
        D:8 |    1894 |       0 |   0.0 |      35 |       0 |   0.0
        D:9 |    1513 |    1082 |  41.7 |      15 |      11 |  42.3
       D:10 |     802 |      21 |   2.6 |      13 |       1 |   7.1
      Sewer |       0 |     251 | 100.0 |       0 |      48 | 100.0
            +---------+---------+-------+---------+---------+-------
